[Event "Metz op 31th"]
[Site "Metz"]
[Date "2013.07.24"]
[Round "7"]
[White "Bedouin, Xavier"]
[Black "Degraeve, Jean Marc"]
[Result "0-1"]
[ECO "B22"]
[WhiteElo "2387"]
[BlackElo "2567"]
[Annotator "Metz Alekhine/Primel,D"]
[PlyCount "80"]
[EventDate "2013.04.20"]
[EventType "swiss"]
[EventRounds "9"]
[EventCountry "FRA"]
[SourceTitle "EXT 2016"]
[Source "ChessBase"]
[SourceDate "2015.10.08"]
[SourceVersion "1"]
[SourceVersionDate "2015.10.08"]
[SourceQuality "1"]
[TimeControl "40/5400:1800+30"]
[WhiteClock "1:30:00"]
[BlackClock "1:30:00"]

1. e4 c5 2. c3 g6 (2... Nf6 3. e5 Nd5 4. d4 cxd4 5. cxd4 d6 6. Nf3 Nc6 7. Bc4
Nb6 8. Bb5 (8. Bxf7+ $5 Kxf7 9. e6+ Kg8 (9... Ke8 $6 {Je me souviens de cette
partie un peu folle jouée par mon ancien camarade de club P. AVELINE car je
participas au même tournoi d'évaluation FIDE joué à Meudon} 10. Ng5 {
Aveline,P-Badii,M (2265) Issy Meudon op 1994 (4) 1/2} (10. d5 $44 )
))) (2... d5) 3. d4 (3. Na3 $5 {Zvjaginsev,V (2675) -Bocharov,D (2571) RUS-ch
1st League 59th 2006 (7) 0-1}) 3... cxd4 4. cxd4 d5 $1 5. e5 (5. exd5) 5... Bg7
6. Nc3 Nc6 7. Bb5 f6 (7... Nh6 {La grande ligne}) 8. f4 (8. Nf3 Bg4) 8... Nh6
9. h3 fxe5 $146 (9... O-O {Pap,M (2507)-Markovic,M (2275) SRB-chT Valjevo 2011
(2.4) 1-0}) (9... Nf5) 10. fxe5 Nf5 11. Nge2 (11. Nf3 Ng3
$5) 11... O-O 12. O-O e6 13. g4 Nh4 14. Be3 Bd7 15. Nf4 Rc8 16. Qe2 a6 17. Bxc6
Rxc6 18. Rf2 Be8 19. Raf1 {La position est assez
équilibrée. Les Blancs ont des pièces actives et un petit avantage d'espace
mais ils ont échangé le bon B et le Be3 n'est pas trés bon.} g5 20. Nd3 Rxf2
21. Rxf2 Bg6 $1 $11 {Comme dans une française, les Noirs ont réussi à
activer le mauvais B} (21... h6 {[%cal Ge8g6] Ce coup préparatoire aurait
évité la petite combinaison Nb7 de la partie tout en préparant Bg6} 22. Nc5
Rxc5 $1 23. dxc5 d4 24. Qd3 Bxe5 $44 ) 22. Nc5 Qe7 23.
Nxb7 $1 Qxb7 24. Bxg5 Qb4 25. Qe3 Rc4 26. Bxh4 Rxd4 27. Be7 (27.
Bf6 Bf8 (27... Bxf6 $2 28. exf6 )) 27... Qc4 28. Rf6 $1 Bxf6 {
Accepte le sacrifice de qualité mais les Blancs ont des bonnes compensations}
(28... Qd3 29. Rf3 (29. Qxd3 Rxd3 30. Rxe6 Kf7)) 29. exf6 Rd3 $1 30. Qxe6+ Bf7 31. Qf5 $2 (31. Qd7 {[%cal Gd7d8] Menace mat!} h5 (31...
Qd4+ 32. Kg2 Rd2+ 33. Kh1 Rh2+ 34. Kxh2 Qf2+ {Forçant la nulle}) 32. Qd8+ Kh7
33. Qf8 Qd4+ (33... Rg3+ 34. Kh2 Rxh3+ 35. Kxh3 Qf1+) 34. Kg2 Rd2+ 35. Kh1 Rh2+
{Les Noirs doivent forcer la répétition de position dans chaque variante et
celà souligne la force de l'attaque Blanche}) 31... h6 $8 {[%csl Gg5][%cal
Gg8h7] Un coup multifonction qui empêche Qg5 tout en donnant un case de fuite
au K} 32. Qe5 $2 {Les Blancs ont perdu le fil de la partie} Rxh3 33. Kf2 Qxg4
34. Ne2 Qg5 35. Qb8+ Kh7 36. Bc5 Qxf6+ 37. Nf4 Rh2+ 38. Ke3 Qxb2 39. Bb4 Qf2+
40. Kd3 Qf3+ 0-1

[Event "Metz op 31th"]
[Site "Metz"]
[Date "2013.04.23"]
[Round "6"]
[White "Degraeve, Jean Marc"]
[Black "Manolache, Marius"]
[Result "1-0"]
[ECO "B22"]
[WhiteElo "2567"]
[BlackElo "2501"]
[Annotator "Metz Alekhine/Primel,D"]
[PlyCount "109"]
[EventDate "2013.04.20"]
[EventType "swiss"]
[EventRounds "9"]
[EventCountry "FRA"]
[SourceTitle "EXT 2016"]
[Source "ChessBase"]
[SourceDate "2015.10.08"]
[SourceVersion "1"]
[SourceVersionDate "2015.10.08"]
[SourceQuality "1"]
[TimeControl "40/5400:1800+30"]
[WhiteClock "1:30:00"]
[BlackClock "1:30:00"]

1. e4 c5 2. Nf3 e6 3. c3 Nf6 4. e5 Nd5 5. Bc4 (5. d4 {La grande ligne}) 5...
Nb6 6. Bb3 d6 7. O-O (7. d4 cxd4 8. cxd4 dxe5 (8... Nc6 9. O-O) 9. Nxe5 Nc6 10.
Nf3 (10. Nxc6) 10... a5 $5 $146 {Peng,X (2590)-Zvjaginsev,V (2646) 4th chT
Shanghai  2008 (16) 0-1} (10... Be7 11. Nc3 Bf6 12. Be3 Na5 13. Bc2 Nac4 14.
O-O Bd7 15. Qe2 Rc8 $11)) 7... Nc6 (7... dxe5) 8. exd6 Bxd6 9. d4 cxd4 10. cxd4
O-O 11. Nc3 h6 {Une ligne secondaire} (11... Be7 12. a3) (11... Bd7 12. Re1 Rc8
13. Ne5 Be8 14. Qg4 Kh8 15. Bf4 Na5 16. Bc2 f5 17. Qg3 Bb4 18. Bb3 Nxb3 19.
axb3 Nd5 20. Bd2 a6 21. Rad1 Bh5 22. Rc1 Nf6 23. Qh4 Be7 24. Bg5 Qe8 25. Qg3 b5
26. Qd3 Bb4 27. Bd2 Qe7 28. Ra1 Qb7 29. Na2 Bd6 30. Bb4 Rfd8 31. Bxd6 Rxd6 32.
Nb4 Rcd8 33. Nc2 Be8 34. Rad1 Bc6 35. f3 a5 36. b4 a4 37. Qc3 Bd5 38. Ne3 Bb3
39. Rd2 f4 40. N3g4 Nxg4 41. fxg4 {Zhigalko,A (2576)-Iturrizaga Bonelli,E 
(2649) Moscow 2012 1/2-1/2 (62)}) 12. Re1 Nd5 13. Nxd5 exd5 14. Ne5 Qf6 $146 (
14... Be6 15. Bf4 Bxe5 16. Bxe5 {Shaw, J (2435)-Juswanto,D (2483) Istanbul ol 
(Men) 34th 2000 (10.3) 1/2-1/2}) 15. Bxd5 Nxe5 16. dxe5 Bxe5 17. Qb3 a5 18. a4
Ra6 19. Be3 Bxb2 20. Rab1 Bc3 21. Rec1 Bb4 22. Bc5 $44 Bxc5 23. Rxc5 Bf5 24.
Rbc1 (24. Bxb7 Bxb1 25. Bxa6) 24... Rb6 25. Qf3 Qg6 26. Rxa5 Rd6 $6 (26... Rb4)
27. Bxb7 Bg4 28. Qe4 Rfd8 29. h3 $14 {Gagnant un tempo important pour la
sécurité du K mais le P "a" peut difficilement avancer} Qxe4 30. Bxe4 Rd4 31.
Bb7 Bd7 32. Ra1 $1 Rb8 33. Bf3 g5 $6 {Les Noirs
essayent d'obtenir du contre-jeu mais c'est un affaiblissement.} 34. Ra7 g4 35.
hxg4 Bxg4 36. Ra8 $1 {La R était mal placée devant le P} Rxa8 37. Bxa8 $16 {
[%csl Ga1,Ga4,Rf7,Rh6] Les Blancs ont maintenant d'excellentes chances de gain}
Bc8 38. Bc6 $1 Ba6 39. Rb1 Kg7 40. Bb5 Rd6
41. Ra1 Rb6 42. Bxa6 Rxa6 {[%csl Ga1,Ra6] la R Noire est mal placée} 43. a5
Kf6 44. Kh2 Kg5 45. Kg3 h5 46. Ra4 Kf5 47. Kf3 Ke5 48. Ke3 Kd6 49.
Kf4 Kc7 50. Kg5 Rg6+ 51. Kxh5 Rxg2 52. Rf4 $18 Kd6 53. Rxf7 Ke6 54. Rf3 Rg1 55.
Ra3 1-0

[Event "Metz op 31th"]
[Site "Metz"]
[Date "2013.04.25"]
[Round "9"]
[White "Dgebuadze, Alexandre"]
[Black "Nisipeanu, Liviu Dieter"]
[Result "0-1"]
[ECO "B22"]
[WhiteElo "2515"]
[BlackElo "2677"]
[Annotator "Metz Alekhine/Primel,D"]
[PlyCount "122"]
[EventDate "2013.04.20"]
[EventType "swiss"]
[EventRounds "9"]
[EventCountry "FRA"]
[SourceTitle "EXT 2016"]
[Source "ChessBase"]
[SourceDate "2015.10.08"]
[SourceVersion "1"]
[SourceVersionDate "2015.10.08"]
[SourceQuality "1"]
[TimeControl "40/5400:1800+30"]
[WhiteClock "1:30:00"]
[BlackClock "1:30:00"]

1. e4 c5 2. Nf3 e6 3. c3 Nf6 4. e5 Nd5 5. d4 cxd4 6. cxd4 d6 7. exd6 {Rarement
joué aussi tôt et laisser la tension pose davantage de problèmes aux Noirs}
(7. Bc4 $142 Nc6 8. O-O Be7) (7. Nc3 $142 Nxc3 8. bxc3 Qc7 9. Bd2 Nd7) (7. a3
$142 Bd7 8. Bd3 Bc6) 7... Bxd6 8. Nc3 Nxc3 9. bxc3 Qc7 10. Bd2
Nd7 11. Bd3 b6 $1 {Il vaut mieux retarder le roque} (11... O-O 12. O-O b6 13.
Re1 Bb7 {Managadze,N (2472) -Kotronias,V (2595) GRE-chT 40th 2012 (2.6) 0-1})
12. O-O Bb7 13. Re1 O-O (13... Rc8 $5 {[%cal Gb7f3,Gd6h2] Un coup d'attente
utile pour menacer le gain du P"h2"} 14. h3 O-O) 14. h3 (14. Ne5) 14... Rac8
$11 15. a4 Bf4 $1 16. Be3 (16. Bxf4 Qxf4 17. Re3 Nf6 18. Ne5 Nd5
$132 {[%csl Gd5][%cal Gd5e3,Gd5c3];Seitaj,I (2406)-Polgar,J (2681) EU-Cup 18th
Kallithea 2002 (3.1) 0-1}) 16... Nf6 17. Rc1 $146 (17. c4 Rfd8 {Landenbergue,C
(2410)-Cvitan,O (2505) Suhr op 1992 (7) 1/2-1/2}) 17... Rfd8 18. Qe2 Nd5 19. c4
Nb4 (19... Nxe3 $5 20. fxe3 Bg3 21. Rf1 Qe7 $1 22. a5 e5 $1) 20.
Bb1 Bxe3 21. fxe3 Bxf3 $5 (21... Bc6 22. a5) 22. Qxf3 Qc6 23. Qh5 g6 24. Qb5 $1
Qxb5 25. cxb5 (25. axb5 {[%csl Ra7] Plus naturel mais le P"a7" est
relativement facile à défendre alors que le P"c4" va rester sous pression})
25... Nd5 $15 26. Kf2 Nc3 27. Kf3 Nxa4 28. Be4
Nc3 $17 29. Bc6 $1 Nd5 30. Rc4 Ne7 31. Rec1 Nxc6 (31... Kg7 {Plus souple car
l'échange ne presse pas.}) 32. Rxc6 Rxc6 33. bxc6 Rc8 34. Kf4 Kf8 35. Kg5 Ke7
$1 {L'arrivée du K Blanc à l'aile-roi n'est pas trop dangereuse} 36. Kh6 Kd6
37. Kxh7 Rxc6 38. Ra1 a5 $17 39. Kg7 Rc7 40. h4 Kd5 41. g4 f5+ 42.
Kxg6 fxg4 43. Rg1 $2 a4 $1 44. h5 a3 45. h6 b5 46. Rb1 g3 $1 $18 {La R Blanche
ne peut pas suivre deux lièvres à la fois.} 47. Rxb5+ Ke4 48. Rb1 g2 49. h7
Rc8 (49... Rxh7 $1 {Gagnait plus vite} 50. Kxh7 Kf3 ) 50.
Kg7 Kxe3 51. Ra1 Kxd4 52. h8=Q Rxh8 53. Kxh8 e5 54. Kg7 Ke4 55. Kf6 Kf4 56. Ke6
e4 57. Kd5 Kf3 58. Kd4 a2 59. Rc1 e3 60. Kd3 Kf2 61. Rc2+ Kg3 0-1

[Event "Metz op 31th"]
[Site "Metz"]
[Date "2013.07.25"]
[Round "8"]
[White "Degraeve, Jean Marc"]
[Black "Jankovic, Alojzije"]
[Result "1-0"]
[ECO "B22"]
[WhiteElo "2567"]
[BlackElo "2537"]
[Annotator "Metz Alekhine/Primel,D"]
[PlyCount "28"]
[EventDate "2013.04.20"]
[EventType "swiss"]
[EventRounds "9"]
[EventCountry "FRA"]
[SourceTitle "EXT 2016"]
[Source "ChessBase"]
[SourceDate "2015.10.08"]
[SourceVersion "1"]
[SourceVersionDate "2015.10.08"]
[SourceQuality "1"]
[TimeControl "40/5400+30:1200+30"]

1. e4 c5 2. c3 d5 3. exd5 Qxd5 4. d4 Nf6 5. Nf3 e6 6. Na3 a6 7. Nc2 (7. Nc4
Nbd7 8. Be2 cxd4 9. Qxd4 Bc5 10. Qxd5 Nxd5 11. Nfe5 b5 12. Nxd7 Bxd7 13. Ne5 f6
14. Nxd7 Kxd7 15. Bf3 Rab8 16. Ke2 Rhd8 17. Rd1 Ke7 18. Bxd5 exd5 19. Be3 Bxe3
20. fxe3 Kd6 21. Rd4 Kc6 22. Rad1 Rd7 23. b3 Re8 24. c4 bxc4 25. bxc4 Red8 26.
cxd5+ Rxd5 27. Rc1+ Kb6 28. Kd3 {1/2-1/2 (28) Plat,V (2455)-Navara,D (2697)
Ledec nad Sazavou 2013}) 7... Nbd7 (7... Nc6 8. Be2 Be7 9. O-O) 8. Be2 Be7 9.
O-O O-O 10. Re1 $146 (10. Bf4 cxd4 11. Nfxd4 Qa5 12. Ne3 Qd8 13. Nc4 Nb6 14.
Nxb6 {1/2-1/2 (14) Ragger,M (2334)-Koneru,H (2485) Chalkidiki 2003}) 10... b5 (
10... b6 {[%cal Gc8b7] Plus souple car les Blancs vont trouver une petite
astuce tactique pour faire pression sur l'aile-dame} 11. Ne3 Qc6 12. Ne5 Qc7
13. N3c4 b5 14. Bf3 Bb7 15. Bxb7 Qxb7 16. Na5 Qb6 17. Nac6 Bd6 18. a4 Qc7 19.
Bf4) 11. c4 $1 bxc4 12. Ne3 Qc6 13. Nxc4 $14 Bb7 14. Bf4 {Suite illisible et
gain Blanc au 49ème coup} (14. Na5 $5) 14... Ne4 (14... cxd4) 1-0

[Event "World Women-ch k.o."]
[Site "Teheran"]
[Date "2017.02.19"]
[Round "3.1"]
[White "Pham, Le Thao Nguyen"]
[Black "Muzychuk, Anna"]
[Result "0-1"]
[ECO "B22"]
[WhiteElo "2351"]
[BlackElo "2558"]
[Annotator "Mikhalchishin,A"]
[PlyCount "102"]
[EventDate "2017.02.11"]
[EventType "k.o."]
[EventRounds "7"]
[EventCountry "IRI"]
[SourceTitle "CBM 177"]
[Source "ChessBase"]
[SourceDate "2017.03.16"]
[SourceVersion "1"]
[SourceVersionDate "2017.03.16"]
[SourceQuality "1"]
[TimeControl "6000+815"]
[WhiteClock "0:26:51"]
[BlackClock "0:34:09"]

1. e4 c5 2. c3 g6 3. d4 cxd4 4. cxd4 d5 5. e5 Bg7 6. Nc3 Nc6 7. h3 f6 8. exf6 (
{Specialists prefer to keep the centre closed} 8. f4 Nh6 9. g4 O-O 10. Bg2 e6 (
{The correct decision in principle was to try to create direct counterplay:} 
10... fxe5 11. fxe5 e6 12. Nf3 Nf7 (12... Bd7 {was weaker:} 13. Be3 Rc8 14. Qd2
Nf7 15. O-O Na5 16. b3 Qb6 17. h4 $1 Rc7 18. Rac1 Rfc8 19. h5 gxh5 20. gxh5 Be8
21. Bh3 Qc6 22. h6 Bf8 23. Kh1 Nd8 24. Nh4 Bg6 25. Nxg6 hxg6 26. Ne2 Qb5 27.
h7+ {Pavasovic,D (2597)-Lie,K (2526)/Dresden 2008/CBM 128/1-0 (35)}) 13. O-O b5
$1 {Direct counter-attack on the queenside.} 14. Be3 Bd7 $6 (14... Ba6 {
was correct with sufficient counterplay.}) 15. Qd2 b4 16. Ne2 Qb6 17. Kh1 b3 (
17... Rac8 18. b3 Nb8 19. Rfc1 Bb5 {was much better.}) 18. axb3 Qxb3 19. Nc1
Qb6 20. Nd3 $16 {Goodger,M (2147)-Indrebo,K/Caleta 2010}) 11. Nf3 Nf7 12. O-O
g5 $6 {It looks logical to destroy the opponent's centre, but Black's pieces
are not active enough to do it successfully.} ({A typical French plan of
counterplay on the queenside was much better:} 12... Qb6 13. Na4 Qc7 14. Be3 b6
15. Rc1 Ba6 16. Rf2 Rac8) 13. exf6 ({Another good option was} 13. Ne2 gxf4 14.
exf6 Bxf6 15. Bxf4 Qb6 16. Qd2 e5 17. Be3 e4 18. Ne5 {with better play.}) 13...
Bxf6 14. fxg5 ({Here it was possible to transpose to the previous variation:} 
14. Ne2) 14... Nxg5 15. Nxg5 {Direct exchanges allow White to develop all his
pieces easily.} Bxg5 16. Rxf8+ Kxf8 17. Qf3+ Kg7 18. Bxg5 Qxg5 19. Rf1 Qe7 20.
Qe3 Bd7 21. b4 $1 {1-0 Pavasovic,D (2579)-Durarbayli,V (2476)/Rijeka 2010. A
very interesting positional idea - with this flank break White tries to
deflect his opponent's knight which is controlling the important central
e5-square.}) 8... exf6 ({Another capture is very playable, namely} 8... Nxf6 9.
Nf3 O-O 10. Be2 Nh5 11. O-O Nf4 12. Bxf4 Rxf4 13. Qc1 Rf5 14. Qd2 e6 15. Rac1
Bd7 16. b4 Qf6 17. Rfd1 Rf4 18. Bb5 Bh6 19. Bxc6 Bxc6 {In Ekdyshman,M (2283)
-Kovchan,A (2536)/Serpukhov 2003. Black got a good position.}) 9. Nf3 Nge7 10.
Be2 O-O 11. O-O g5 $5 (11... Qd6 12. Re1 a6 13. a3 Bf5) 12. Ne1 {Quite
artificial, the usual way is good enough:} (12. Re1 Bf5 13. Be3 Bg6 14. Rc1 Qd7
15. h4 (15. Bb5 $142) 15... h6 16. hxg5 fxg5 (16... hxg5 17. Nd2 Nf5 18. Nb3)
17. Nh2 Kh8 18. Bf3 Rad8 {Adams,M (2640)-Dzindzichashvili,R (2545)/New York
1994 Black has obtained very solid position.}) 12... h6 13. Be3 Be6 14. Nc2 Qd6
15. Qd2 Rae8 16. Nb5 ({It was better to prepare against the opponent's plan by
} 16. Rae1 f5 17. f4) 16... Qd7 17. Nb4 ({Black would have good play after} 17.
Bh5 Bf7 18. Bxf7+ Rxf7 19. f4 Nf5 20. Bf2 a6 21. Nc3 Nd6) 17... Nxb4 18. Qxb4
a6 19. Nc3 ({The active} 19. Nd6 $2 {was losing:} Nc6 20. Qa3 Rd8) 19... f5 20.
f4 Nc6 ({The direct} 20... g4 {was possible.}) 21. Qb6 (21. Qc5 {seemed to
slightly better.}) 21... Bf7 $1 {Now unpleasant threats over the e-file start.}
22. Bf2 Re6 $1 23. Bd1 Nxd4 {Black has won a pawn and the game is decided.} 24.
Qc5 b6 25. Qa3 b5 (25... gxf4 {was not bad.}) 26. Kh1 Qe7 {Muzychuk decided
for the endgame, but it was possible to increase the pressure.} (26... Rc8) 27.
Qxe7 Rxe7 28. Bxd4 Bxd4 29. Bb3 Bxc3 $1 {Anna realises her extra pawn in very
simple manner.} 30. bxc3 g4 31. hxg4 fxg4 32. Rad1 Re3 33. f5 ({The rook
ending after} 33. Bxd5 {was no better:} Rxc3 34. Kh2 Ra3 35. Bxf7+ Rxf7 36. Rd6
a5 $1 37. Rxh6 b4) 33... Rxc3 34. Kh2 Rd8 35. Rd4 h5 36. Rfd1 Kg7 37. Bxd5 Rxd5
38. Rxd5 Bxd5 39. Rxd5 Ra3 40. Rd6 ({There were no chances after} 40. Rd2 Kf6)
40... b4 41. Rg6+ Kf7 42. Rh6 a5 43. Rb6 ({Or} 43. Rxh5 Kf6) 43... h4 44. Rg6
Rxa2 45. Rxg4 Kf6 46. Rxh4 b3 47. Rh6+ Kxf5 48. Rb6 a4 49. Kh3 b2 50. g4+ Ke5
51. g5 Ra3+ 0-1

[Event "Sautron op 13th"]
[Site "Sautron"]
[Date "2013.11.02"]
[Round "9"]
[White "Le Roux, Jean Pierre"]
[Black "Burmakin, Vladimir"]
[Result "1/2-1/2"]
[ECO "B22"]
[WhiteElo "2571"]
[BlackElo "2581"]
[Annotator "Primel,D"]
[PlyCount "59"]
[EventDate "2013.10.26"]
[EventType "swiss"]
[EventRounds "9"]
[EventCountry "FRA"]
[SourceTitle "EXT 2014"]
[Source "ChessBase"]
[SourceDate "2013.11.20"]
[SourceVersion "1"]
[SourceVersionDate "2013.11.20"]
[SourceQuality "1"]
[TimeControl "40/5400+30:1800+30"]
[WhiteClock "1:30:00"]
[BlackClock "1:30:00"]

1. c4 c6 2. e4 {[%emt 0:00:26] Bizarrement
la partie va transposer sur une Caro-Kann mais c'est le code de l'Alapine qui
est donné.} d5 3. exd5 cxd5 4. cxd5 Nf6 5. Nc3 (5. Bb5+
Nbd7 6. Nc3) 5... Nxd5 6. Nf3 e6 7. d4 Bb4 {[%emt 0:00:14] Une position tabya à laquelle
on peut aboutir à partir de plusieurs ouvertures différentes.} (7... Be7 {
L'alternative} 8. Bd3 (8. Bc4)) 8. Bd2 Nc6 9.
Bd3 Nf6 (9... O-O) 10. O-O O-O 11. Be3 (11. Bg5) 11... Be7 12. a3 b6 13. Qe2 Bb7 14. Rac1 (14. Rad1 {l'éternelle question de
la R à développer mais avec un P isolé, il semble plus logique de jouer
Rad1 et Rfe1 pour éviter les échanges et c'est d'ailleurs la ligne principale
}) 14... Rc8 {[%emt 0:23:30] Les Noirs suivent toujours la théorie mais ils
ont pourtant réfléchis plus de 20 mns sur cette position.} (14... Qd6 15. Ba6
Bxa6 16. Qxa6 Qd7 17. Ne5 Nxe5 18. dxe5 Ng4 19. Bf4 Qd4 20. Bg3 Qd2 21. Qb7 Bg5
22. f4 Bh6 23. Qf3 Qe3+ 24. Qxe3 Nxe3 25. Rf3 Nc4 26. Rc2 Rac8 27. Bh4 g5 28.
Rg3 Kh8 29. Bxg5 Bxg5 30. fxg5 Nxe5 31. Re2 Ng6 32. Rd2 Rc7 33. Ne4 Rfc8 34.
Rgd3 Kg7 35. Nd6 Ne5 36. Rd4 Rc1+ 37. Kf2 R8c2 38. h4 Kg6 39. Kg3 a6 40. Rxc2
Rxc2 41. Rf4 Rxb2 42. Rf6+ Kg7 43. Kf4 Ng6+ 44. Kg3 {Khamrakulov,I (2500)-Suba,
M (2516) Sanxenxo 2004 1/2-1/2 (65)}) 15. Ba6 {[%emt 0:03:22][%csl Rc6] Un
plan relativement peu joué pour affaiblir la case "c6" mais paradoxalement,
les Blancs ne vont pas en profiter en fin de partie.} (15. Rfd1 Nd5) 15... Qd7 16. Rfd1 $146 (16. Ne5 Nxe5 17. dxe5 Nd5 18.
Rfd1 Rfd8 19. Nxd5 exd5 20. Rxc8 Qxc8 21. Bxb7 Qxb7 22. Qb5 Qd7 23. Qxd7 Rxd7
24. Rc1 h5 25. Bd4 f6 26. f4 Kf7 27. Rc8 Ke6 28. Kf2 Kf5 29. Kf3 fxe5 30. fxe5
g5 31. Ke3 g4 32. Kd3 h4 33. b4 Bg5 34. h3 gxh3 35. gxh3 Re7 36. Rd8 Bf4 37.
Rxd5 Rg7 38. Rd8 Rg3+ 39. Kc4 Bg5 40. Rg8 Rxh3 41. Rf8+ Ke6 42. Rg8 Rg3 43. Bf2
Rg4+ 44. Kb5 h3 45. Re8+ Kd5 {Khamrakulov,I (2452)-Cifuentes Parada,R (2505)
Campillos 2004 1/2-1/2}) 16... Bxa6 17. Qxa6 Nb8 18. Qe2 Rfd8 (18... Nc6
19. Ne5 Nxe5 20. dxe5 Nd5 21. Qf3) 19. Bg5 h6 20. Bh4 Qb7 21. h3 Nc6 22. Bxf6 Bxf6 23. d5 $1 {
[%emt 0:00:07] La percée thématique mais qui va applanir la position} exd5 24. Nxd5 Rd6 25. b4 (25. Nxf6+ Rxf6) 25... Re6 26. Qc2 a6 27. Nxf6+ Rxf6 28. Ne5 Qc7 $2 29. Ng4 (29. f4 $1 {
[%csl Rc6] Les Noirs sont en zuzwang!} Rxf4 (29... Qb7 30. Rd3 b5 31. Rc3 $18)
(29... g5 30. Rd7) 30. Nxc6) 29... Re6 30. Ne3 1/2-1/2

[Event "FRA-ch 58 Championnat"]
[Site "Belfort"]
[Date "1983.08.22"]
[Round "10"]
[White "Preissmann, Emmanuel"]
[Black "Haik, Aldo"]
[Result "1/2-1/2"]
[ECO "B22"]
[WhiteElo "2360"]
[BlackElo "2400"]
[Annotator "Primel,D"]
[PlyCount "155"]
[EventDate "1983.08.12"]
[EventType "tourn"]
[EventRounds "15"]
[EventCountry "FRA"]
[EventCategory "2"]
[SourceTitle "EXT 2016"]
[Source "ChessBase"]
[SourceDate "2015.10.08"]
[SourceVersion "1"]
[SourceVersionDate "2015.10.08"]
[SourceQuality "1"]
[TimeControl "40/9000:16/5400:0"]

1. e4 c5 2. c3 Nf6 3. e5 Nd5 4. d4 cxd4 5. Nf3 e6 6. cxd4 d6 (6... b6 {
L'alternative} 7. Nc3) 7. Nc3 (7. Bc4 Nc6 8. Nc3 (8. O-O Be7 9. exd6 (9. Nc3
Nxc3 10. bxc3 dxe5 11. Nxe5 Nxe5) (9. Qe2 O-O 10. Nc3 (10. Qe4 Bd7 11. Bd3 (11.
Bxd5 exd5 12. Qxd5 Nb4 13. Qe4 Bc6 14. Qe2 Bxf3 15. Qxf3 (15. gxf3 Rc8 (15...
Qb6)) 15... Nc2)) 10... Nxc3 11. bxc3 dxe5 12. dxe5 Qa5) 9... Qxd6 10. Nc3 O-O
11. Re1 Rd8) 8... Nxc3 9. bxc3 dxe5 10. Nxe5 Nxe5 11. dxe5 Qxd1+) 7... Nxc3 8.
bxc3 Nc6 (8... Qc7 $142 {La grande ligne} 9. Bd2 Nd7 10. exd6 Bxd6 11. Bd3 b6
12. O-O Bb7 13. Re1 O-O 14. h3 Bf4 $11) 9. exd6 Qxd6 (9...
Bxd6 $142) 10. Bd3 Be7 11. O-O O-O 12. Re1 b6 13. Ne5 (13. Rb1 Bb7 14. Ng5 Bxg5
15. Bxg5 Na5 16. Re3 Qd5 17. Rg3 f5 18. h4 Rac8 19. Qd2 Rf7 20. Bf4 Qd8 21. Re1
Bd5 22. h5 Bc4 23. Be5 Bxd3 24. Qh6 Rcc7 25. Qxe6 Bc4 26. Rxg7+ Kf8 27. Bxc7
Qxc7 {Spassky,B (2610)-Huebner,R (2600)/Solingen 1977/EXT 2002/1-0}) 13... Nxe5
14. Bf4 Qd7 15. Bxe5 {[%cal Gd3h7,Ge5g7] Avec des menaces réelles de double
sacrifices sur le roque noir ,en commençant par un "cadeau grec"Bh7!.} g6 16.
Re3 $40 Bb7 17. Qh5 $1 {[%cal Gh5h7,Ge3h3,Re3g3] Avec la
menace du pseudo sacrifice Qh7} f5 18. Qh6 Rf7 19. Rh3 (19. Rae1) (19. Rg3 Bf6 $1) 19... Bf6 20. Bxf6 Rxf6 21. Qf4 Rc8 22.
Bf1 Rf7 23. a4 Bd5 24. Ba6 Rc7 25. Rg3 Bc4 $1 $132 26. Bxc4 Rxc4 27. h4 {
l'attaque arrive trop tard} Qc7 $15 28. Qxc7 $2 {La structure de pions des
blancs est trés faible} Rfxc7 29. Ra3 a6 30. h5 Kf7 31. hxg6+ hxg6 32. f4 Kf6
33. Kf2 Rh7 $1 34. Re3 Rh4 35. Kg3 Rh1 36. Rb3 Rc6 37. c4 Rd1
38. c5 bxc5 39. dxc5 Rc1 40. Rec3 Rxc3+ $2 (40... Rxc5 $17) 41. Rxc3 e5 (41...
g5 42. fxg5+ Kxg5 ) 42. fxe5+ Kxe5 43. Kh4 Kf6 44. Rb3
$1 Rxc5 45. Rb6+ Ke5 46. Rxa6 Rc4+ 47. Kg3 g5 48. a5 Rc3+ (48... Ra4 ) 49. Kh2 Ra3 50. Ra8 (50. Rg6 $1 Kf4 51. a6 g4 ) 50... Kf4 {l'activation des pièces noires doit donner quelques très
légères chances de gain qui justifient la poursuite de la partie.} 51. Rb8 Kg4
(51... Rxa5) 52. a6 Rxa6 53. Rb3 f4 54. Rc3 Ra2 55. Rb3 Kh5 56. Rf3 {
Ajournement} Kg6 57. Kg1 Kf5 58. Rb3 Ra1+ 59. Kf2 Ra2+ 60. Kf1 g4 61. Rb5+ Ke4 62. Rb8 Rc2 63. Ra8 Rc3 64. Kf2 g3+ 65. Kf1 Rc1+ 66. Ke2 Rg1
67. Re8+ Kf5 68. Rf8+ Ke5 69. Re8+ Kd5 70. Rd8+ Ke6 71. Kf3 Rf1+ 72. Kg4 Rf2 (
72... Ke5) 73. Ra8 Ke5 74. Ra1 Ke4 75. Ra4+ Ke3 76. Ra3+ Ke2 77. Ra1 Rxg2 78.
Kxf4 1/2-1/2